 Dungeon Crawl Stone Soup version 0.32-a0-886-g41c5271027 (webtiles) character file.

Game seed: 16570551369644683251

2772 pokeman the Thaumaturge (level 9, -13/51 HPs)
             Began as a Deep Elf Hedge Wizard on Apr 2, 2024.
             Was a Believer of Vehumet.
             Killed from afar by a manticore (20 damage)
             ... with a volley of spikes
             ... on level 7 of the Dungeon.
             The game lasted 00:18:28 (7179 turns).

pokeman the Thaumaturge (Deep Elf Hedge Wizard)     Turns: 7179, Time: 00:18:32

Health: -13/51     AC:  6    Str: 10    XL:     9   Next: 42%
Magic:  15/27      EV: 17    Int: 24    God:    Vehumet [**....]
Gold:   79         SH:  0    Dex: 14    Spells: 24/32 levels left

rFire   + . .        s - +0 short sword (venom)
rCold   . . .        (no shield)
rNeg    . . .        b - +0 robe
rPois   +            m - +2 helmet "Ugudwaf" {rPois Str+3}
rElec   .            (no cloak)
rCorr   .            a - +0 pair of gloves
SInv    .            (no boots)
Will    .....        (no amulet)
Stlth   ++           c - ring of protection from fire
HPRegen 0.28/turn    y - +5 ring of evasion
MPRegen 0.20/turn

%: no passive effects
@: spiked, on blink cooldown
A: no striking features
a: Renounce Religion


You were on level 7 of the Dungeon.
You worshipped Vehumet.
Vehumet was pleased with you.
You visited 2 branches of the dungeon, and saw 8 of its levels.
You also visited: Sewer.

You collected 361 gold pieces.
You spent 282 gold pieces at shops.

Inventory:

Hand Weapons
 s - a +0 short sword of venom (weapon)
Missiles
 A - 2 curare-tipped darts
Armour
 a - a +0 pair of gloves (worn)
 b - a +0 robe (worn)
 m - the +2 helmet "Ugudwaf" (worn) {rPois Str+3}
   (You took it off Robin on level 3 of the Dungeon)

   Str+3:     It affects your strength (+3).
   rPois:     It protects you from poison.
Jewellery
 c - a ring of protection from fire (left hand)
 r - a ring of see invisible
 y - a +5 ring of evasion (right hand)
Wands
 n - a wand of flame (22)
Scrolls
 e - 3 scrolls of revelation {unknown}
 f - 10 scrolls of identify {unknown}
 h - 2 scrolls of blinking {unknown}
 i - a scroll of vulnerability {unknown}
 j - 4 scrolls of brand weapon {unknown}
 k - a scroll of silence {unknown}
 o - 2 scrolls of amnesia {unknown}
 t - 2 scrolls of fog {unknown}
 v - 5 scrolls of teleportation
 x - a scroll of noise {unknown}
Potions
 d - 2 potions of magic
 g - a potion of mutation {unknown}
 l - a potion of berserk rage {unknown}
 p - 2 potions of brilliance {unknown}
 q - 7 potions of curing
 u - a potion of ambrosia {unknown}
 w - 2 potions of experience {unknown}
 z - a potion of heal wounds


   Skills:
 + Level 3.5 Fighting
 - Level 3.0 Armour
 - Level 3.0 Dodging
 - Level 3.0 Stealth
 * Level 12.1 Spellcasting
 + Level 6.8 Conjurations
 - Level 1.1 Summonings
 - Level 1.1 Translocations
 - Level 1.1 Air Magic
 - Level 1.0 Alchemy
 - Level 3.1 Evocations


You had 24 spell levels left.
You knew the following spells:

 Your Spells              Type           Power      Damage    Failure   Level
a - Magic Dart            Conj           100%       1d8       1%          1
b - Mephitic Cloud        Conj/Alch/Air  29%        N/A       3%          3
c - Call Imp              Summ           38%        N/A       4%          2
d - Blink                 Tloc           38%        N/A       4%          2

Your spell library contained the following spells:

 Spells                   Type           Power      Damage    Failure   Level
 Mercury Vapours          Alch/Air       38%        N/A       4%          2
 Apportation              Tloc           38%        N/A       2%          1
 Slow                     Hex            56%        N/A       4%          1
 Cigotuvi's Dreadful Rot  Necr/Alch/Air  36%        N/A       4%          2
 Jinxbite                 Hex            28%        N/A       6%          2
 Sublimation of Blood     Necr           14%        N/A       6%          2
 Alistair's Intoxication  Alch           12%        N/A       58%         5
 Yara's Violent Unravell  Hex/Alch       8%         3d5       67%         5
 Enfeeble                 Hex            7%         N/A       100%        7
 Summon Hydra             Summ           9%         N/A       100%        7


Dungeon Overview and Level Annotations

Branches:
Dungeon (7/15)             Temple (1/1) D:4           Sewer (visited)

Altars:
Ashenzari
Cheibriados
Dithmenos
Elyvilon
Gozag
Kikubaaqudgha
Makhleb
Nemelex Xobeh
Okawaru
Sif Muna
Uskayaw
Vehumet
Wu Jian
Xom
Yredelemnul
Zin
The Shining One
Beogh

Shops:
D:4 [=   D:5 !?


Message History

Aiming: Mephitic Cloud (dangerous; 3% risk of failure)
Press: ? - help, Shift-Dir - straight line, f - hornet
Aim: a hornet (wandering, hasn't noticed you, chance to affect: 72%)
The ball explodes into a vile cloud!
The stinking cloud engulfs the hornet.
The hornet buzzes angrily.
The stinking cloud engulfs you.
You hear an angry buzzing noise. x2
The hornet is engulfed in noxious fumes.
The hornet barely misses you.
Unknown command.
You miss the hornet.
The hornet is engulfed in noxious fumes.
The hornet barely misses you.
The hornet is engulfed in noxious fumes.
The hornet stings you.
Unknown command.
You miss the hornet.
The hornet is engulfed in noxious fumes.
The hornet stings you.
Unknown command.
You completely miss the hornet.
The hornet is engulfed in noxious fumes.
The hornet appears confused.
The hornet closely misses you.
The manticore is engulfed in noxious fumes.
The hornet is engulfed in noxious fumes.
The hornet stings you!
* * * LOW HITPOINT WARNING * * *
Casting: Mephitic Cloud (dangerous; 3% risk of failure)
Confirm with . or Enter, or press ? or * to list all spells.
You blink.
The hornet is engulfed in noxious fumes.
The hornet appears confused.
Unknown command.
The hornet is engulfed in noxious fumes.
The hornet appears confused.
The manticore is engulfed in noxious fumes.
The manticore flicks its tail.
The volley of spikes skewers you!!
Barbed spikes become lodged in your body.
You die...

#........######...######
...#.....#.............#
...............☼☼☼......
...#...###......☼......#
####.#.# ######H§☼######
#...# #.y.# ##.## #...#
#.# #...#
#.#########.@.#
#..<.....###.##
#..#####.# ... #..#
#...# ..... .....
#..#..# ....... #..#...
........ ...#....
..#....#. ###.###.#.


You could see a manticore and a hornet (confused).

Vanquished Creatures
  Pikel (D:4)
  Grinder (D:4)
  A water moccasin (D:6)
  Duvessa (D:4)
  A black bear (D:4)
  2 ice beasts
  A sky beast (D:7)
  2 ogres
  A phantom (D:7)
  2 lemures
  A bullfrog (D:6)
  2 kobold brigands
  A scorpion (D:6)
  Dowan (D:4)
  A howler monkey (D:5)
  3 hounds
  6 orc priests
  A jelly (D:6)
  A sleepcap (D:5)
  4 iguanas
  6 orc wizards
  Natasha (thrice) (D:2)
  Robin (D:3)
  7 gnolls (D:5)
  5 adders
  3 white imps
  2 dart slugs (D:1)
  2 ribbon worms (Sewer)
  23 orcs
  14 ball pythons
  6 bats
  8 endoplasms
  2 giant cockroaches
  14 goblins
  8 hobgoblins
  6 jackals
  13 kobolds
  A quokka (D:1)
  5 frilled lizards
  10 rats
173 creatures vanquished.

Vanquished Creatures (collateral kills)
  A sleepcap (D:3)
  A hobgoblin (D:3)
2 creatures vanquished.

Grand Total: 175 creatures vanquished

Notes
Turn   | Place    | Note
-------+----------+-------------------------------------------
     0 | D:1      | pokeman the Deep Elf Hedge Wizard began the quest for the
                  | Orb.
     0 | D:1      | Reached XP level 1. HP: 10/10 MP: 7/7
    56 | D:1      | Reached XP level 2. HP: 5/15 MP: 2/9
   362 | D:1      | Reached skill level 5 in Spellcasting
   511 | D:1      | Reached XP level 3. HP: 20/20 MP: 6/11
   515 | D:1      | Learned a level 3 spell: Mephitic Cloud
   518 | D:1      | Learned a level 2 spell: Call Imp
   521 | D:1      | Learned a level 2 spell: Blink
  1098 | D:2      | Noticed Natasha
  1110 | D:2      | Killed Natasha
  1111 | D:2      | Reached skill level 1 in Fighting
  1111 | D:2      | Reached skill level 1 in Armour
  1401 | D:2      | Reached XP level 4. HP: 25/25 MP: 10/13
  1483 | D:2      | Noticed Natasha
  1498 | D:2      | Killed Natasha
  1899 | D:2      | Noticed Natasha
  1909 | D:2      | Killed Natasha
  2052 | D:3      | Identified the +2 helmet "Ugudwaf" {rPois Str+3}
  2052 | D:3      | Noticed Robin
  2137 | D:3      | Reached skill level 6 in Spellcasting
  2254 | D:3      | Killed Robin
  2255 | D:3      | Reached XP level 5. HP: 10/29 MP: 2/15
  2460 | D:3      | Found a faded altar of an unknown god.
  2487 | D:3      | Found a roughly hewn altar of Beogh.
  2518 | D:3      | Reached skill level 1 in Air Magic
  2524 | D:3      | Reached skill level 1 in Alchemy
  2758 | D:3      | Reached XP level 6. HP: 33/34 MP: 10/17
  3161 | D:4      | Noticed Dowan
  3162 | D:4      | Noticed Duvessa
  3193 | D:4      | Killed Duvessa
  3194 | D:4      | Reached skill level 7 in Spellcasting
  3194 | D:4      | Reached skill level 1 in Evocations
  3317 | D:4      | Noticed Pikel
  3451 | D:4      | Noticed Grinder
  3630 | D:4      | Killed Pikel
  3631 | D:4      | Reached skill level 8 in Spellcasting
  3631 | D:4      | Reached XP level 7. HP: 17/40 MP: 14/21
  3870 | D:4      | Found Kualuwarea's Antique Armour Shoppe.
  3870 | D:4      | Found Libloneq's Jewellery Boutique.
  3921 | D:4      | Reached XP level 8. HP: 45/45 MP: 20/22
  3988 | D:4      | Reached skill level 9 in Spellcasting
  3992 | D:4      | Paralysed by Grinder for 3 turns
  4110 | D:4      | Killed Grinder
  4111 | D:4      | Reached skill level 5 in Conjurations
  4251 | D:4      | Killed Dowan
  4322 | D:4      | Found a staircase to the Ecumenical Temple.
  4334 | Temple   | Entered the Ecumenical Temple
  4340 | Temple   | Became a worshipper of Vehumet
  4676 | D:5      | Entered Level 5 of the Dungeon
  4757 | D:5      | Reached skill level 10 in Spellcasting
  4784 | D:5      | Found Panwem Xase's Distillery.
  4793 | D:5      | Found a transporter.
  4810 | D:5      | Found an opulent altar of Gozag.
  4811 | D:5      | Found a white marble altar of Elyvilon.
  4940 | D:5      | Found a glowing drain.
  4954 | D:5      | Reached * piety under Vehumet
  4954 | D:5      | Offered knowledge of Sandblast by Vehumet.
  4965 | Sewer    | Entered a sewer
  5463 | D:5      | Bought 2 potions of curing for 72 gold pieces
  5463 | D:5      | Bought a potion of heal wounds for 60 gold pieces
  5463 | D:5      | Bought a potion of curing for 36 gold pieces
  5463 | D:5      | Bought a potion of curing for 36 gold pieces
  5463 | D:5      | Bought a potion of curing for 36 gold pieces
  5685 | D:5      | Found a transporter.
  5686 | D:5      | Found Cudaff's Magic Scroll Emporium.
  5723 | D:5      | Bought a scroll of teleportation for 42 gold pieces
  5851 | D:6      | Reached skill level 11 in Spellcasting
  6025 | D:6      | Reached XP level 9. HP: 49/49 MP: 22/26
  6594 | D:6      | Reached ** piety under Vehumet
  6611 | D:6      | Offered knowledge of Mercury Vapours by Vehumet.
  7162 | D:7      | Reached skill level 12 in Spellcasting
  7172 | D:7      | Noticed a manticore
  7179 | D:7      | Killed from afar by a manticore

Illustrated notes

Levels and vault maps discovered:
D:1:      elethiomel_arrival_fortress_basement, layout_rooms
D:2:      layout_loops_corners, uniq_natasha
D:3:      layout_rooms, hellmonk_ecumenical_altar_crossroads,
          kennysheep_orc_chapel, uniq_robin
D:4:      layout_loops_ring, minmay_temple_entry_sparse_star,
          nicolae_wooded_promenade, minmay_misc_feat_secret_circle,
          hangedman_decor_riveting, minmay_misc_feat_rows, uniq_duvessa,
          uniq_grinder, uniq_pikel
D:5:      layout_basic, mainiacjoe_overflow_divided_tiny, serial_shops, shop,
          nicolae_shop_drivethru, portal_sewer_entry_b
D:6:      layout_basic
D:7:      layout_loops_cross, uniq_crazy_yiuf_cottage
Temple:   hellmonk_temple_two_chambers

Skill      XL: |  1  2  3  4  5  6  7  8  9 |
---------------+----------------------------+-----
Spellcasting   | 5 6 8 11 12 | 12.1
Fighting       | 1 2 3 |  3.5
Armour         | 1 3 |  3.0
Conjurations   | 2 3 4 6 |  6.8
Stealth        | 3 |  3.0
Dodging        | 3 |  3.0
Air Magic      | 1 |  1.1
Alchemy        | 1 |  1.0
Evocations     | 2 3 |  3.1
Summonings     | |  1.1
Translocations | |  1.1

Action                     |  1- 3 |  4- 6 |  7- 9 || total
---------------------------+-------+-------+-------++-------
  Melee: Dagger            |    50 |    91 |     7 ||   148
         Whip              |       |       |    70 ||    70
         Short sword       |       |       |    54 ||    54
   Cast: Magic Dart        |    71 |   110 |   248 ||   429
         Mephitic Cloud    |     1 |    11 |    23 ||    35
         Call Imp          |       |     3 |     6 ||     9
         Blink             |       |     1 |     2 ||     3
   Stab: Confused          |     1 |    12 |    13 ||    26
         Sleeping          |     1 |       |       ||     1
 Armour: Robe              |    26 |    48 |    81 ||   155
  Dodge: Dodged            |    32 |    71 |    88 ||   191

Table legend: (Time is in decaauts)
 A = Elapsed time spent in this place.
 B = Non-inter-level travel time spent in this place.
 C = Inter-level travel time spent in this place.
 D = Time resting spent in this place.
 E = Time spent auto-exploring this place.
 F = Levels seen in this place.
 G = Mean time per level.
                   A        B        C        D        E       F      G
               +--------+--------+--------+--------+--------+-----+--------+
         Total |   7240 |   6973 |    267 |    565 |   4996 |   9 |  804.4 |
       Dungeon |   6746 |   6484 |    262 |    565 |   4615 |   7 |  963.7 |
        Temple |     12 |      7 |      5 |      0 |      0 |   1 |   12.0 |
         Sewer |    480 |    480 |      0 |      0 |    381 |   1 |  480.0 |
               +--------+--------+--------+--------+--------+-----+--------+

Top non-repeatable levels by time:
     D:3: 1359 daAuts
     D:2: 1274 daAuts
     D:6: 1216 daAuts
     D:4: 1057 daAuts
     D:1: 976 daAuts
     D:5: 652 daAuts
   Sewer: 480 daAuts
     D:7: 210 daAuts
  Temple: 12 daAuts
